 Dungeon Crawl Stone Soup version 0.18-a0-1805-g8ab820f (webtiles) character file.

1448 M4edhros the Cultivator (level 8, -9/48 HPs)
             Began as an Octopode Artificer on Apr 25, 2016.
             Was a Believer of Fedhas.
             Hit by a stone thrown by an orc warrior (12 damage)
             ... on level 7 of the Dungeon.
             The game lasted 00:10:20 (6778 turns).

M4edhros the Cultivator (Octopode Artificer)        Turns: 6778, Time: 00:10:21

Health: -9/48      AC:  1    Str: 10      XL:     8   Next: 75%
Magic:  24/24      EV: 12    Int: 14      God:    Fedhas [**....]
Gold:   305        SH:  0    Dex: 10 (15) Spells: 0 memorised, 7 levels left

rFire  . . .     SeeInvis .     a - +0 short sword
rCold  . . .     Gourm    .     (no shield)
rNeg   . . .     Faith    +     (helmet restricted)
rPois  .         Spirit   .     u - amulet of faith
rElec  .         Dismiss  .     B - ring of magical power
rCorr  .         Reflect  .     (no ring)
SustAt .         Harm     .     (no ring)
MR     +....                    (no ring)
Stlth  +++++.....               (no ring)
                                (no ring)
                                (no ring)
                                (no ring)

@: somewhat resistant to hostile enchantments, quite stealthy
A: almost no armour, amphibious, 8 rings, constrict 8, tentacle spike 1,
camouflage 1, blurry vision 1, magic resistance 1, gelatinous body 1
a: Evolution, Sunlight, Renounce Religion


You were on level 7 of the Dungeon.
You worshipped Fedhas.
Fedhas was pleased with you.
You were not hungry.

You visited 2 branches of the dungeon, and saw 8 of its levels.

You collected 402 gold pieces.
You spent 97 gold pieces at shops.

Inventory:

Hand Weapons
 a - a +0 short sword (weapon)
 i - a +0 falchion of freezing
 t - a +2 hunting sling
Missiles
 n - 29 sling bullets
 o - 227 stones (quivered)
Jewellery
 u - an amulet of faith (around mantle)
 B - a ring of magical power (left tentacle)
Wands
 b - a wand of flame (12/48)
 c - a wand of enslavement (15/24)
 d - a wand of random effects (12/48)
 D - a wand of polymorph (11/24)
Scrolls
 e - 4 scrolls of remove curse
 g - 3 scrolls of enchant armour
 h - 3 scrolls of teleportation
 m - a scroll of random uselessness
 p - a scroll of noise
 v - a scroll of recharging
 y - a scroll of fog
Potions
 j - a potion of magic
 k - a potion of agility {unknown}
 q - a potion of flight
 s - 2 potions of lignification
 w - 2 potions of cancellation {unknown}
 x - a potion of heal wounds {unknown}
 C - a potion of ambrosia
Books
 A - a book of the Earth

   Spells                             Type                      Level
   a - Leda's Liquefaction            Hexes/Earth                  4
   b - Bolt of Magma                  Conjuration/Fire/Earth       5
   c - Statue Form                    Transmutation/Earth          6
   d - Iron Shot                      Conjuration/Earth            6
   e - Shatter                        Earth                        9
Comestibles
 f - 5 bread rations
 l - a meat ration
 r - 2 fruits


   Skills:
 - Level 1.0 Fighting
 - Level 1.0 Short Blades
 - Level 2.0 Dodging
 - Level 8.2 Stealth
 + Level 9.6 Invocations
 - Level 3.2 Evocations


You had 7 spell levels left.
You didn't know any spells.

Dungeon Overview and Level Annotations

Branches:
Dungeon (7/15)             Temple (1/1) D:4

Altars:
Ashenzari
Cheibriados
Elyvilon
Fedhas
Gozag
Kikubaaqudgha
Makhleb
Okawaru
Pakellas
Qazlal
Ru
Sif Muna
Vehumet
Yredelemnul
Zin
The Shining One

Shops:
D:5 ?


Innate Abilities, Weirdness & Mutations

You cannot wear most types of armour.
You are amphibious.
You can wear up to eight rings at the same time.
You can use your tentacles to constrict eight enemies at once.
Your skin changes colour to match your surroundings (Stealth).
Your rubbery body absorbs attacks (AC +1).
One of your tentacles bears a spike.
Scrolls take you a little longer to read.
You are resistant to hostile enchantments.


Message History

You hit the orc but do no damage.
You pierce the orc, but do no damage.
The orc is almost dead.
You constrict the orc, but do no damage.
The orc hits you with a short sword.
* * * LOW HITPOINT WARNING * * *
An orc comes into view. It is wielding a whip.
You hit the orc.
You kill the orc!
Drink which item? (? for menu, Esc to quit)
You feel better.
You hit the orc wizard. You grab the orc wizard.
The orc wizard is lightly wounded.
You constrict the orc wizard.
Your wandering mushroom releases spores at the orc wizard!
The orc wizard dies!
The orc warrior throws a stone.
The stone hits you!
* * * LOW HITPOINT WARNING * * *
You swap places.
The orc warrior throws a stone.
The stone hits you!
You die...
Fedhas appreciates your contribution to the ecosystem.

###.# .#.##
....## .... .
... ... #.#
>...o####.#
....oo).)f#
.<...####@#
#.. #f# .# #
#.#####.###
#..f......#
####.##.###
#f##.#
#.##.###
.#####.##...#
#..........##


You could see an orc warrior, 2 orcs and 2 friendly wandering mushrooms.

Vanquished Creatures
  2 ogres
  An orc warrior (D:6)
  A centaur (D:6)
  A giant frog (D:6)
  2 scorpions
  A crimson imp (D:6)
  A quasit (D:7)
  2 hounds
  An orc wizard (D:5)
  2 giant frog skeletons
  4 orc priests
  Terence (D:2)
  2 worker ants (D:6)
  Robin (D:3)
  A howler monkey skeleton (D:6)
  5 adders
  An ooze (D:1)
  2 worms
  5 giant geckos
  15 orcs
  4 giant cockroaches
  17 goblins
  8 hobgoblins
  4 jackals
  10 kobolds
  4 quokkas
  A ball python (D:2)
  7 bats
  6 giant newts
  3 goblin skeletons (D:7)
  2 hobgoblin skeletons (D:7)
  An orc skeleton (D:7)
  A quokka skeleton (D:6)
  4 rats
123 creatures vanquished.

Vanquished Creatures (collateral kills)
  The ghost of st0uf the Firebug, an amateur DrFE of Pakellas (D:5)
  A phantom (D:4)
  A sky beast (D:7)
  A scorpion (D:5)
  A crimson imp (D:6)
  3 jellies
  3 hounds
  2 orc wizards
  2 worker ants (D:7)
  A hound skeleton (D:4)
  11 orcs
27 creatures vanquished.

Vanquished Creatures (others)
  2 wandering mushrooms
  76 toadstools
78 creatures vanquished.

Grand Total: 228 creatures vanquished

Notes
Turn   | Place    | Note
--------------------------------------------------------------
     0 | D:1      | M4edhros the Octopode Artificer began the quest for the Orb.
     0 | D:1      | Reached XP level 1. HP: 13/13 MP: 3/3
   405 | D:1      | Reached XP level 2. HP: 16/18 MP: 4/4
  1274 | D:2      | Reached XP level 3. HP: 23/23 MP: 5/5
  1317 | D:2      | Reached skill level 5 in Stealth
  1655 | D:3      | Noticed Terence
  1655 | D:3      | Noticed Robin
  1666 | D:2      | Reached XP level 4. HP: 16/28 MP: 6/6
  1745 | D:3      | Found a snail-covered altar of Cheibriados.
  1906 | D:4      | Found a staircase to the Ecumenical Temple.
  1977 | Temple   | Entered the Ecumenical Temple
  2004 | Temple   | Became a worshipper of Fedhas Madash
  2566 | D:2      | Killed Terence
  2566 | D:2      | Reached XP level 5. HP: 14/33 MP: 7/7
  3319 | D:3      | Killed Robin
  3336 | D:3      | Reached * piety under Fedhas
  3449 | D:4      | Found an iron altar of Okawaru.
  3830 | D:4      | Reached skill level 1 in Invocations
  3830 | D:4      | Reached XP level 6. HP: 38/38 MP: 4/8
  4001 | D:4      | Reached skill level 2 in Invocations
  4038 | D:4      | Found a white marble altar of Elyvilon.
  4044 | D:4      | Noticed a phantom
  4076 | D:4      | Killed a phantom
  4076 | D:4      | Reached skill level 3 in Invocations
  4462 | D:5      | Entered Level 5 of the Dungeon
  4462 | D:5      | Noticed st0uf's ghost (amateur DrFE)
  4468 | D:5      | Killed st0uf's ghost
  4468 | D:5      | Reached skill level 4 in Invocations
  4468 | D:5      | Reached XP level 7. HP: 8/43 MP: 8/10
  4566 | D:5      | Found Wycitruwa's Magic Scroll Shoppe.
  4603 | D:5      | Reached skill level 5 in Invocations
  4604 | D:5      | Reached ** piety under Fedhas
  4753 | D:5      | Bought a scroll of enchant weapon for 97 gold pieces
  5236 | D:5      | Found an opulent altar of Gozag.
  5415 | D:6      | Reached skill level 6 in Invocations
  5511 | D:6      | Reached skill level 7 in Invocations
  5511 | D:6      | Reached XP level 8. HP: 39/48 MP: 13/13
  5754 | D:6      | Reached skill level 8 in Invocations
  6351 | D:6      | Reached skill level 9 in Invocations
  6609 | D:7      | Found a glowing golden altar of the Shining One.
  6722 | D:7      | HP: 2/48 [poisoned by a worker ant]
  6729 | D:7      | Gained mutation: You are covered in fur (AC +1). [mutagenic meat]
  6730 | D:7      | Lost mutation: You are covered in fur (AC +1). [mutagenic meat]
  6731 | D:7      | Gained mutation: You are resistant to hostile enchantments. [mutagenic meat]
  6732 | D:7      | Gained mutation: Scrolls take you a little longer to read. [mutagenic meat]
  6733 | D:7      | Gained mutation: One of your tentacles bears a spike. [mutagenic meat]
  6736 | D:7      | Reached *** piety under Fedhas
  6778 | D:7      | Hit by a stone thrown by an orc warrior

Vault maps used:
D:1:      dpeg_arrival_stonehenge_12_columns
D:3:      first_bread, cheibriados_altar_1, uniq_terence, uniq_robin
D:4:      elyvilon_altar_3, okawaru_metal_pillars_1_2
D:5:      nicolae_gozag_cash_rules_everything_around_me, serial_shops, shop,
          minmay_misc_feat_ornament, abandoned_shop, hex_large
D:7:      nemelex_deck, nicolae_tso_besieged_by_evil, enter_bailey_3,
          roderic_roman_lattice, uniq_joseph, uniq_prince_ribbit1
Temple:   temple_eino_lava_12

Skill      XL: |  1  2  3  4  5  6  7  8 |
---------------+-------------------------+-----
Stealth        | 3 4 5 6 8 |  8.2
Invocations    | 1 4 7 9 |  9.6
Fighting       | |  1.0
Short Blades   | |  1.0
Dodging        | |  2.0
Evocations     | |  3.2

Action                   |  1- 3 |  4- 6 |  7- 9 || total
-------------------------+-------+-------+-------++-------
Melee: Short sword       |    65 |   147 |   112 ||   324
       Tentacles         |    11 |    25 |    20 ||    56
       Constrict         |    13 |    33 |    25 ||    71
       Falchion          |       |       |     4 ||     4
       Kick              |       |       |     1 ||     1
 Fire: Hunting sling     |       |    24 |     2 ||    26
Invok: Evolution         |       |     2 |     2 ||     4
       Sunlight          |       |       |     1 ||     1
Evoke: Wand              |       |       |     6 ||     6
  Use: Potion            |       |     4 |     5 ||     9
       Scroll            |       |       |     9 ||     9
 Stab: Sleeping          |     8 |    10 |     9 ||    27
       Confused          |       |       |     1 ||     1
  Eat: Chunk             |     2 |       |     6 ||     8
       Beef jerky        |       |     2 |       ||     2
       Meat ration       |       |     1 |     2 ||     3
Armor: Skin              |     4 |    19 |     6 ||    29
Dodge: Dodged            |    36 |    88 |    69 ||   193
